[Event "January 2 Early 2024"]
[Site "https://www.chess.com"]
[Date "2024.01.02"]
[Round "3"]
[White "Bok, Benjamin"]
[Black "Papasimakopoulos, Alexandros"]
[Result "1-0"]
[Board "56"]
[TimeControl "180+1"]
[WhiteFideId "1017063"]
[BlackFideId "4244125"]
[WhiteElo "2946"]
[BlackElo "2640"]
[WhiteTeam "NED"]
[BlackTeam "GRE"]
[WhiteClock "0:00:26"]
[BlackClock "0:00:13"]

1. d4 d5 2. c4 e6 3. Nc3 Be7 4. Nf3 Nf6 5. g3 b6 6. cxd5 exd5 7. Bg2 O-O 8. O-O Bb7 9. Bf4 c5 10. Rc1 Nbd7 11. Ne5 Re8 12. dxc5 Bxc5 13. Nd3 Bf8 14. Nb5 Nh5 15. Nc7 Nxf4 16. Nxf4 Nf6 17. Nxe8 Qxe8 18. Nxd5 Nxd5 19. Bxd5 Rd8 20. e4 Bxd5 21. exd5 Qe5 22. Rc2 g6 23. Re1 Qf6 24. a3 a5 25. Re4 Bd6 26. Kg2 Kg7 27. Qf3 Bc5 28. Qxf6+ Kxf6 29. b4 axb4 30. axb4 Bd6 31. Rc6 b5 32. Rb6 Kf5 33. Kf3 h5 34. h3 g5 35. g4+ hxg4+ 36. hxg4+ Kg6 37. Rxb5 Bf4 38. Rc5 Ra8 39. b5 Ra3+ 40. Kg2 f6 41. b6 Rb3 42. Rc6 Kf7 43. d6 Be5 44. d7 Ke7 45. Rxf6 Rb5 46. Rf5 1-0

[Event "January 2 Early 2024"]
[Site "https://www.chess.com"]
[Date "2024.01.02"]
[Round "3"]
[White "Solovchuk, Oleksiy"]
[Black "NevorLegov"]
[Result "0-1"]
[Board "57"]
[TimeControl "180+1"]
[WhiteFideId "14115220"]
[WhiteElo "2595"]
[BlackElo "2935"]
[WhiteTeam "UKR"]
[WhiteClock "0:00:15"]
[BlackClock "0:01:05"]

1. c4 c6 2. Nf3 d5 3. e3 Nf6 4. b3 Bf5 5. Bb2 e6 6. Nc3 h6 7. Be2 Nbd7 8. O-O Bd6 9. Rc1 O-O 10. cxd5 exd5 11. d3 Re8 12. g3 Bh3 13. Re1 Qe7 14. Bf1 Bg4 15. h3 Bh5 16. Bg2 Ne5 17. Nb1 Nfd7 18. g4 Bg6 19. e4 Nxf3+ 20. Bxf3 Qh4 21. Bg2 Bf4 22. Rc2 h5 23. Qf3 Be5 24. exd5 Bxb2 25. Rxe8+ Rxe8 26. Rxb2 Re1+ 27. Kh2 Ne5 28. Qg3 Nxg4+ 29. Qxg4 hxg4 30. Nc3 Qf6 0-1

[Event "January 2 Early 2024"]
[Site "https://www.chess.com"]
[Date "2024.01.02"]
[Round "3"]
[White "Jia, Haoxiang"]
[Black "Kukhmazov, Arsen"]
[Result "1-0"]
[Board "58"]
[TimeControl "180+1"]
[WhiteFideId "8602999"]
[BlackFideId "24108260"]
[WhiteElo "2625"]
[BlackElo "2880"]
[WhiteTeam "CHN"]
[BlackTeam "FID"]
[WhiteClock "0:00:13"]
[BlackClock "0:00:00"]

1. d4 d5 2. Bf4 c5 3. c3 Nc6 4. Nf3 cxd4 5. cxd4 Qb6 6. Qb3 Qxb3 7. axb3 e6 8. e3 Bb4+ 9. Nc3 Nf6 10. Bd3 Bd7 11. Ke2 Ke7 12. Rhc1 Rhc8 13. h3 Ne8 14. g4 h6 15. h4 Bd6 16. Ne5 f6 17. Ng6+ Kf7 18. g5 Bxf4 19. Nxf4 hxg5 20. hxg5 fxg5 21. Nh3 Nb4 22. Nxg5+ Kf6 23. Nf3 Nxd3 24. Kxd3 Nd6 25. Ne5 Be8 26. Rg1 Rc7 27. Rg4 a5 28. Rf4+ Ke7 29. Rg4 Nf5 30. f3 Kd8 31. e4 dxe4+ 32. fxe4 Nd6 33. Rag1 Ra6 34. Rxg7 Rb6 35. Rxc7 Kxc7 36. Rg7+ Kc8 37. Re7 Rxb3 38. Rxe6 Kc7 39. Kc2 a4 40. Nd5+ Kb8 41. Rxd6 Bh5 42. Nd3 Be2 43. Nc5 Rb5 44. Nc3 1-0

[Event "January 2 Early 2024"]
[Site "https://www.chess.com"]
[Date "2024.01.02"]
[Round "3"]
[White "Shubenkova, Veronika"]
[Black "Yeletsky, Ivan"]
[Result "0-1"]
[Board "59"]
[TimeControl "180+1"]
[WhiteFideId "44124040"]
[BlackFideId "24180327"]
[WhiteElo "2592"]
[BlackElo "2864"]
[WhiteTeam "RUS"]
[BlackTeam "RUS"]
[WhiteClock "0:02:09"]
[BlackClock "0:01:55"]

1. d4 Nf6 2. e3 Nc6 3. f4 d5 4. Nf3 Bf5 5. c3 e6 6. Bd3 g6 7. O-O Bd6 8. Ne5 h5 9. Qc2 Ne7 10. Nd2 c5 11. e4 dxe4 12. Nxe4 Nxe4 13. Bxe4 cxd4 14. cxd4 Bxe5 15. Qa4+ Qd7 16. Qxd7+ Kxd7 17. Bxf5 Bxd4+ 18. Kh1 Nxf5 19. Rd1 Rad8 0-1

[Event "January 2 Early 2024"]
[Site "https://www.chess.com"]
[Date "2024.01.02"]
[Round "3"]
[White "Maksimovic, Bojan"]
[Black "Ismagilov, Damir"]
[Result "1-0"]
[Board "60"]
[TimeControl "180+1"]
[WhiteFideId "14408120"]
[BlackFideId "34199982"]
[WhiteElo "2861"]
[BlackElo "2561"]
[WhiteTeam "BIH"]
[BlackTeam "RUS"]
[WhiteClock "0:00:08"]
[BlackClock "0:00:03"]

1. a3 e5 2. e3 d5 3. d4 Nc6 4. Nf3 e4 5. Nfd2 Nf6 6. c4 Be6 7. Nc3 Be7 8. cxd5 Bxd5 9. Nxd5 Qxd5 10. Qb3 Qxb3 11. Nxb3 O-O 12. Bd2 Bd6 13. Rc1 Ne7 14. Na5 b6 15. Nc6 Ned5 16. f3 a5 17. Kf2 Rfe8 18. h3 g5 19. Be2 Kg7 20. h4 h6 21. hxg5 hxg5 22. Rh3 Rh8 23. Rch1 Rxh3 24. Rxh3 Rh8 25. Rxh8 Kxh8 26. b4 axb4 27. Bxb4 Nxb4 28. axb4 Kg7 29. Bc4 g4 30. b5 exf3 31. gxf3 gxf3 32. Kxf3 Nd7 33. e4 f6 34. Kg4 Kg6 35. Be6 Nf8 36. Bf5+ Kf7 37. Kh5 Ba3 38. Kh4 Bd6 39. Kg4 Ba3 40. Kf3 Bd6 41. Ke3 Ba3 42. Kd3 Bd6 43. Kc4 Ne6 44. e5 fxe5 45. dxe5 Bc5 46. Kd5 Nf4+ 47. Ke4 Ne2 48. Kd3 Nf4+ 49. Kc4 Ng2 50. Bh3 Nf4 51. Bg4 Ng2 52. Kd3 Ne1+ 53. Ke4 Nc2 54. Be2 Na3 55. Bd3 Ke6 56. Nd4+ Ke7 57. Kd5 Kd7 58. Nc6 Ke8 59. e6 Kf8 60. Ke5 Ke8 61. Kf6 Kf8 62. e7+ Bxe7+ 63. Nxe7 Ke8 64. Ke6 c5 65. bxc6 Nb5 66. Bxb5 Kd8 67. Kd6 Ke8 68. c7+ Kf7 69. c8=Q 1-0

[Event "January 2 Early 2024"]
[Site "https://www.chess.com"]
[Date "2024.01.02"]
[Round "3"]
[White "Mekhitarian, Krikor Sevag"]
[Black "Aggelis, Nikolaos"]
[Result "1-0"]
[Board "61"]
[TimeControl "180+1"]
[WhiteFideId "2107660"]
[BlackFideId "4213220"]
[WhiteElo "2859"]
[BlackElo "2585"]
[WhiteTeam "BRA"]
[BlackTeam "GRE"]
[WhiteClock "0:00:11"]
[BlackClock "0:00:00"]

1. Nf3 b6 2. c4 Bb7 3. Nc3 Nf6 4. d4 d5 5. cxd5 Nxd5 6. Qc2 g6 7. e4 Nxc3 8. bxc3 Bg7 9. Bb5+ c6 10. Bd3 O-O 11. h4 c5 12. d5 Nd7 13. h5 c4 14. Be2 Nc5 15. hxg6 hxg6 16. Be3 Qd6 17. Rd1 Rad8 18. Bd4 e5 19. dxe6 Qxe6 20. Qc1 Qxe4 21. Kf1 Nd3 22. Bxd3 cxd3 23. Re1 d2 24. Qxd2 Qg4 25. Bxg7 Rxd2 26. Bf6 Ba6+ 27. Kg1 Qh5 28. Rxh5 gxh5 29. Nxd2 Rc8 30. Nf3 Kh7 31. Bd4 Kg6 32. Re5 f6 33. Re6 Bc4 34. Rxf6+ Kh7 35. Ng5+ Kg8 36. Rh6 Kf8 37. Rh8+ Bg8 38. Rxh5 Bxa2 39. Rh8+ Bg8 40. Rh6 Re8 41. f4 Re2 42. g4 a5 43. Rxb6 a4 44. Ra6 Bb3 45. f5 Bd5 46. Rxa4 Rg2+ 47. Kf1 Ke8 48. Be5 Rc2 49. Ne6 Kf7 50. Nf4 1-0

[Event "January 2 Early 2024"]
[Site "https://www.chess.com"]
[Date "2024.01.02"]
[Round "3"]
[White "Pakleza, Zbigniew"]
[Black "Parfenov, Viktor N."]
[Result "1-0"]
[Board "62"]
[TimeControl "180+1"]
[WhiteFideId "1119290"]
[BlackFideId "4165969"]
[WhiteElo "2818"]
[BlackElo "2551"]
[WhiteTeam "POL"]
[BlackTeam "RUS"]
[WhiteClock "0:00:21"]
[BlackClock "0:00:09"]

1. d4 d5 2. Bf4 Nf6 3. e3 e6 4. Nd2 c5 5. c3 Nc6 6. Ngf3 cxd4 7. cxd4 Bd6 8. Bg3 O-O 9. Bd3 b6 10. O-O Bxg3 11. hxg3 Bb7 12. Qa4 a6 13. Rfc1 Qd6 14. a3 Rfc8 15. Rc3 b5 16. Qc2 b4 17. Rc5 Nd7 18. Bxh7+ Kf8 19. Nb3 Nxc5 20. Nxc5 Rab8 21. Bd3 Kg8 22. Nxb7 Rxb7 23. Bxa6 Ne7 24. Qe2 bxa3 25. Bxb7 axb2 26. Qxb2 Rb8 27. Ra8 Rxa8 28. Bxa8 Qa6 29. Qb8+ Kh7 30. Qe8 1-0

[Event "January 2 Early 2024"]
[Site "https://www.chess.com"]
[Date "2024.01.02"]
[Round "3"]
[White "Baches Garcia, Guillermo"]
[Black "Vakhlamov, Igor L."]
[Result "0-1"]
[Board "63"]
[TimeControl "180+1"]
[WhiteFideId "2209764"]
[BlackFideId "24126748"]
[WhiteElo "2543"]
[BlackElo "2804"]
[WhiteTeam "ESP"]
[BlackTeam "RUS"]
[WhiteClock "0:00:00"]
[BlackClock "0:01:06"]

1. d4 d5 2. Nf3 Nf6 3. Bg5 Ne4 4. Bf4 Bf5 5. Nbd2 e6 6. e3 Bd6 7. Nxe4 Bxe4 8. Bd3 Bxf4 9. exf4 Bxf3 10. Qxf3 g6 11. h4 h5 12. g4 hxg4 13. Qxg4 Qf6 14. O-O-O Nd7 15. c3 O-O-O 16. Rh3 Rh5 17. Rdh1 Rdh8 18. Kb1 a6 19. a3 Kb8 20. Ka1 Ka8 21. Qg3 c5 22. dxc5 Nxc5 23. Bc2 Qe7 24. Bd1 Ne4 25. Qe3 R5h6 26. h5 gxh5 27. f5 h4 28. fxe6 fxe6 29. Bg4 e5 30. c4 Nf6 31. Be2 d4 32. Qg5 Nd5 33. Qxe7 Nxe7 34. Bf3 Ng6 35. Rg1 Nf4 36. Rh2 R6h7 37. Rg5 Re7 38. Be4 h3 39. f3 d3 40. Kb1 Ka7 41. Kc1 Rc8 42. b3 b5 0-1

[Event "January 2 Early 2024"]
[Site "https://www.chess.com"]
[Date "2024.01.02"]
[Round "3"]
[White "Shapiro, Viktor"]
[Black "Molina, Roberto Junio Brito"]
[Result "0-1"]
[Board "64"]
[TimeControl "180+1"]
[WhiteFideId "4175700"]
[BlackFideId "2109450"]
[WhiteElo "2532"]
[BlackElo "2800"]
[WhiteTeam "RUS"]
[BlackTeam "BRA"]
[WhiteClock "0:00:12"]
[BlackClock "0:00:16"]

1. c4 c6 2. d4 d5 3. Nc3 Nf6 4. Nf3 dxc4 5. a4 Bf5 6. e3 e6 7. Bxc4 Bb4 8. O-O Nbd7 9. Ne2 h6 10. b3 Qe7 11. Bb2 O-O 12. Ng3 Bh7 13. Qe2 Ne4 14. Nxe4 Bxe4 15. Bd3 Bxd3 16. Qxd3 Rfd8 17. Rfd1 a5 18. Rac1 e5 19. Qe4 exd4 20. Qxd4 Nf6 21. Qh4 Ne4 22. Qg4 Bc3 23. Bxc3 Nxc3 24. Re1 Qe4 25. Qxe4 Nxe4 26. Nd4 Rd5 27. f3 Nc5 28. Rc3 Re8 29. Kf2 f5 30. g3 g5 31. Rec1 Na6 32. Rc4 Nb4 33. R1c3 Kf7 34. Ke2 Red8 35. Rc5 f4 36. gxf4 gxf4 37. R3c4 fxe3 38. Kxe3 Re8+ 39. Kd2 Ree5 40. Rxd5 Rxd5 41. Kc3 Rh5 42. Ne2 Rxh2 43. Rf4+ Ke7 44. Re4+ Kd6 45. Nd4 Rf2 46. Nf5+ Kc7 47. Re7+ Kb6 48. Re6 Rxf3+ 49. Ne3 Rxe3+ 50. Rxe3 Nd5+ 51. Kd4 Nxe3 52. Kxe3 Kc5 0-1

[Event "January 2 Early 2024"]
[Site "https://www.chess.com"]
[Date "2024.01.02"]
[Round "3"]
[White "Petukhov, Dmitry"]
[Black "Bindrich, Falko"]
[Result "1/2-1/2"]
[Board "65"]
[TimeControl "180+1"]
[WhiteFideId "4142748"]
[BlackFideId "4676670"]
[WhiteElo "2515"]
[BlackElo "2770"]
[WhiteTeam "RUS"]
[BlackTeam "GER"]
[WhiteClock "0:00:27"]
[BlackClock "0:00:14"]

1. e4 e5 2. Nf3 Nc6 3. Bb5 Nf6 4. O-O Nxe4 5. d4 Nd6 6. Bxc6 dxc6 7. dxe5 Nf5 8. Qxd8+ Kxd8 9. Nc3 h6 10. Ne2 b6 11. Nf4 Bd7 12. Nh5 Kc8 13. h3 Kb7 14. g4 Ne7 15. b3 Ng6 16. Bb2 c5 17. c4 a5 18. Kg2 a4 19. Kg3 Rg8 20. Nh4 Nxh4 21. Kxh4 Bc6 22. f4 Be4 23. f5 Bc2 24. Rf3 Rd8 25. Kg3 Kc6 26. Re1 b5 27. e6 Bd6+ 28. Kf2 fxe6 29. fxe6 axb3 30. axb3 Ra8 31. Bxg7 Ra2 32. Re2 Rga8 33. Bf6 Bd1 34. cxb5+ Kxb5 35. Re3 Bxe2 36. Rxe2 Kc6 37. Ng7 Rxe2+ 38. Kxe2 Ra2+ 39. Kd3 Rh2 40. h4 Rh3+ 41. Kc2 Re3 42. g5 hxg5 43. hxg5 Kd5 44. Kd2 Re4 45. Kd3 Re1 46. Bc3 Rg1 47. Bf6 Rg3+ 48. Kc2 Rg2+ 49. Kd3 Rg3+ 50. Kc2 Rg2+ 51. Kd3 Rg3+ 1/2-1/2

[Event "January 2 Early 2024"]
[Site "https://www.chess.com"]
[Date "2024.01.02"]
[Round "3"]
[White "Kosteniuk, Alexandra"]
[Black "Morales Garcia, Sergio Joshafatt"]
[Result "1-0"]
[Board "66"]
[TimeControl "180+1"]
[WhiteFideId "4128125"]
[BlackFideId "5106249"]
[WhiteElo "2768"]
[BlackElo "2447"]
[WhiteTeam "SUI"]
[BlackTeam "MEX"]
[WhiteClock "0:01:40"]
[BlackClock "0:00:04"]

1. Nf3 c5 2. g3 Nc6 3. Bg2 g6 4. d4 cxd4 5. Nxd4 Bg7 6. Nb3 h5 7. Bg5 f6 8. Be3 h4 9. Nc3 Nh6 10. Be4 Nf5 11. Bxf5 gxf5 12. gxh4 Rxh4 13. Rg1 Rg4 14. Rxg4 fxg4 15. Qd5 Kf8 16. O-O-O d6 17. Nc5 Qe8 18. Ne6+ Bxe6 19. Qxe6 Ne5 20. h3 Qf7 21. Qf5 gxh3 22. Qxh3 b5 23. Kb1 Qc4 24. Rg1 b4 25. Qg2 Qf7 26. Qxa8+ 1-0

[Event "January 2 Early 2024"]
[Site "https://www.chess.com"]
[Date "2024.01.02"]
[Round "3"]
[White "Oganian, Miran"]
[Black "Borda Rodas, Anapaola S."]
[Result "1-0"]
[Board "67"]
[TimeControl "180+1"]
[WhiteFideId "4122488"]
[BlackFideId "152781"]
[WhiteElo "2744"]
[BlackElo "2385"]
[WhiteTeam "RUS"]
[BlackTeam "ARG"]
[WhiteClock "0:01:29"]
[BlackClock "0:01:06"]

1. e4 e5 2. Nf3 Nc6 3. Nc3 Nf6 4. d4 exd4 5. Nxd4 Bb4 6. Nxc6 bxc6 7. Bd3 d5 8. exd5 cxd5 9. O-O O-O 10. h3 Rb8 11. Qf3 Rb6 12. Ne2 Bb7 13. Nd4 c5 14. Nf5 c4 15. c3 d4 16. Qf4 Nd5 17. Qxd4 Rg6 18. Be4 Ba5 19. Bxd5 Qxd5 20. Ne7+ 1-0

[Event "January 2 Early 2024"]
[Site "https://www.chess.com"]
[Date "2024.01.02"]
[Round "3"]
[White "Buscar, Michael"]
[Black "Manolache, Marius"]
[Result "0-1"]
[Board "68"]
[TimeControl "180+1"]
[WhiteFideId "2603616"]
[BlackFideId "1201530"]
[WhiteElo "2347"]
[BlackElo "2696"]
[WhiteTeam "CAN"]
[BlackTeam "ROU"]
[WhiteClock "0:00:06"]
[BlackClock "0:00:14"]

1. d4 d6 2. e4 Nf6 3. Nc3 g6 4. Nf3 Bg7 5. Bc4 c6 6. O-O O-O 7. Bg5 Nxe4 8. Nxe4 d5 9. Bd3 dxe4 10. Bxe4 Nd7 11. c3 Nf6 12. Bc2 Bg4 13. h3 Bxf3 14. Qxf3 Qd5 15. Qxd5 Nxd5 16. Rfe1 Rfe8 17. Bb3 e6 18. Re2 h6 19. Bd2 Rad8 20. Rae1 Rd7 21. Bc1 Red8 22. Bc2 a5 23. f4 b5 24. a3 b4 25. axb4 axb4 26. Bd2 bxc3 27. bxc3 Rb7 28. Be4 Rb3 29. Rb1 Rxb1+ 30. Bxb1 Rb8 31. Be4 Rb3 32. Bxd5 cxd5 33. Kf2 Bf8 34. Ke3 Bd6 35. Kd3 Rb2 36. Re1 h5 37. g4 hxg4 38. hxg4 Kg7 39. Rf1 Kf6 40. Ke3 Ra2 41. Kd3 Ra8 42. Rh1 Ra2 43. Rf1 Rb2 44. Rh1 Rb8 45. Ke3 g5 46. fxg5+ Kxg5 47. Kf3+ Kg6 48. Rh6+ Kg7 49. Rh1 Rb2 50. Rd1 Kg6 51. Bf4 Bxf4 52. Kxf4 Re2 53. Rd3 Re4+ 54. Kf3 Kg5 55. c4 Rf4+ 56. Ke3 Kxg4 57. c5 Rf1 58. Rc3 Rh1 59. c6 Rh3+ 60. Kd2 Rh8 61. c7 Rc8 62. Rc6 Kf4 63. Kd3 Kf3 64. Rc1 f5 65. Rc6 f4 66. Rc2 Kg3 67. Ke2 Kg2 68. Ke1+ Kf3 69. Kf1 Ke3 70. Re2+ Kxd4 71. Rxe6 Rxc7 72. Rf6 Ke3 73. Ke1 Rc1# 0-1

[Event "January 2 Early 2024"]
[Site "https://www.chess.com"]
[Date "2024.01.02"]
[Round "3"]
[White "Skurikhin, Dmitrij"]
[Black "Aronian, Levon"]
[Result "0-1"]
[Board "69"]
[TimeControl "180+1"]
[WhiteFideId "4161297"]
[BlackFideId "13300474"]
[WhiteElo "2255"]
[BlackElo "3098"]
[WhiteTeam "RUS"]
[BlackTeam "USA"]
[WhiteClock "0:01:00"]
[BlackClock "0:01:52"]

1. d4 Nf6 2. Nf3 g6 3. c4 Bg7 4. Nc3 O-O 5. e4 d6 6. Be2 Nbd7 7. O-O e5 8. d5 Nc5 9. Qc2 a5 10. b3 Nh5 11. Ne1 Nf4 12. Bxf4 exf4 13. Rc1 Re8 14. Bf3 f5 15. exf5 Bxf5 16. Qd2 g5 17. h3 Qf6 18. Na4 b6 19. Nxc5 bxc5 20. Nc2 Qb2 21. Bg4 Bg6 22. Be6+ Kh8 23. Qd1 Qxa2 24. Na3 Qxa3 0-1

[Event "January 2 Early 2024"]
[Site "https://www.chess.com"]
[Date "2024.01.02"]
[Round "3"]
[White "Iturrizaga Bonelli, Eduardo"]
[Black "Ladan, Nicholas"]
[Result "1-0"]
[Board "70"]
[TimeControl "180+1"]
[WhiteFideId "3901211"]
[BlackFideId "30918855"]
[WhiteElo "3015"]
[BlackElo "2494"]
[WhiteTeam "ESP"]
[BlackTeam "USA"]
[WhiteClock "0:00:36"]
[BlackClock "0:00:02"]

1. c4 e5 2. g3 Nc6 3. Bg2 Bc5 4. Nc3 d6 5. Nf3 a6 6. e3 Nge7 7. O-O O-O 8. d4 Ba7 9. dxe5 dxe5 10. b3 f6 11. Ba3 Be6 12. Nd2 Qd3 13. Nd5 Nxd5 14. cxd5 Bxd5 15. Bxd5+ Qxd5 16. Bxf8 Rxf8 17. Nc4 Qe6 18. Rc1 e4 19. Qe2 f5 20. Rfd1 Rf6 21. Qd2 b5 22. Nb2 Ne5 23. Qd8+ Rf8 24. Qd5 Nf3+ 25. Kg2 Qxd5 26. Rxd5 Bb6 27. a4 Rf6 28. axb5 axb5 29. Rxb5 Rh6 30. h3 Ng5 31. Rxf5 Nf3 32. Nc4 Rc6 33. Rd1 g6 34. Rd8+ Kg7 35. Rd7+ Kh6 36. Rff7 Ng5 37. Rg7 Rc5 38. h4 1-0

[Event "January 2 Early 2024"]
[Site "https://www.chess.com"]
[Date "2024.01.02"]
[Round "3"]
[White "Balla, Tamas-Kristof"]
[Black "Movahed, Sina"]
[Result "0-1"]
[Board "71"]
[TimeControl "180+1"]
[WhiteFideId "1208497"]
[BlackFideId "42520835"]
[WhiteElo "2493"]
[BlackElo "2999"]
[WhiteTeam "ROU"]
[BlackTeam "IRI"]
[WhiteClock "0:00:11"]
[BlackClock "0:02:03"]

1. e4 c5 2. c3 Nf6 3. e5 Nd5 4. d4 cxd4 5. Nf3 Nc6 6. cxd4 e6 7. a3 b6 8. Bd3 Bb7 9. O-O Be7 10. Qe2 O-O 11. Rd1 f5 12. exf6 Bxf6 13. Nc3 Nxc3 14. bxc3 Ne7 15. Ne5 Rc8 16. Bb2 Bxe5 17. Qxe5 Ng6 18. Qg3 Nf4 19. Bf1 Bxg2 20. d5 Bxf1 21. Kxf1 Qc7 22. Rd4 e5 23. Re4 d6 24. c4 b5 25. Rc1 Qb7 26. Kg1 bxc4 27. Rexc4 Ne2+ 0-1

[Event "January 2 Early 2024"]
[Site "https://www.chess.com"]
[Date "2024.01.02"]
[Round "3"]
[White "Pap, Gyula"]
[Black "Hasanagic, Anel"]
[Result "1-0"]
[Board "72"]
[TimeControl "180+1"]
[WhiteFideId "725323"]
[BlackFideId "14605791"]
[WhiteElo "2987"]
[BlackElo "2488"]
[WhiteTeam "HUN"]
[BlackTeam "SLO"]
[WhiteClock "0:00:54"]
[BlackClock "0:00:14"]

1. e4 c6 2. d4 d5 3. exd5 cxd5 4. Bd3 Nf6 5. c3 Nc6 6. h3 g6 7. Nf3 Bg7 8. O-O O-O 9. Bf4 Bf5 10. Be2 Rc8 11. Re1 h6 12. Nbd2 g5 13. Bh2 e6 14. Ne5 Nd7 15. Nxd7 Qxd7 16. Nf1 Ne7 17. Bd3 a6 18. Ng3 Rfe8 19. Nxf5 Nxf5 20. Qf3 b5 21. a3 a5 22. a4 bxa4 23. Qd1 Rb8 24. Re2 Rb3 25. Bc2 Reb8 26. Bxb8 Rxb8 27. Bxf5 exf5 28. Qxa4 Qd6 29. Re8+ Kh7 30. Rxb8 Qxb8 31. Qc2 Kg8 32. Rxa5 f4 33. Rxd5 f3 34. gxf3 Qc8 35. Kg2 Qc6 36. c4 Bf6 37. b4 Kg7 38. b5 Qb7 39. Qe4 Qc7 40. c5 Qb8 41. b6 1-0

[Event "January 2 Early 2024"]
[Site "https://www.chess.com"]
[Date "2024.01.02"]
[Round "3"]
[White "Mekhane, Adam"]
[Black "Navara, David"]
[Result "0-1"]
[Board "73"]
[TimeControl "180+1"]
[WhiteFideId "36050601"]
[BlackFideId "309095"]
[WhiteElo "2485"]
[BlackElo "2971"]
[WhiteTeam "FRA"]
[BlackTeam "CZE"]
[WhiteClock "0:00:00"]
[BlackClock "0:00:16"]

1. e4 c6 2. d4 d5 3. exd5 cxd5 4. Bd3 Nc6 5. c3 Nf6 6. h3 e5 7. dxe5 Nxe5 8. Nf3 Nxd3+ 9. Qxd3 Bd6 10. O-O O-O 11. Bg5 h6 12. Bxf6 Qxf6 13. Nbd2 Rd8 14. Rfe1 Bf5 15. Qd4 Qxd4 16. Nxd4 Bd7 17. Nf1 Bc5 18. Ne3 Bc6 19. Rad1 a5 20. a3 g6 21. Rd2 h5 22. Red1 Ba4 23. Re1 Rd6 24. b4 Bb6 25. Rc1 Rc8 26. Ne2 axb4 27. axb4 d4 28. cxd4 Rxc1+ 29. Nxc1 Rxd4 30. Rxd4 Bxd4 31. Ne2 Bg7 32. Nd5 Kf8 33. f3 Bb3 34. Ndc3 h4 35. Kf2 Bc4 36. Ke3 Ke7 37. f4 f5 38. Nd4 Kd6 39. Nb1 Bxd4+ 40. Kxd4 Bd5 41. Nd2 Bxg2 42. Nc4+ Ke6 43. Ne5 Kf6 44. Nd7+ Kg7 45. Nc5 Bxh3 46. Nxb7 Bg2 0-1

[Event "January 2 Early 2024"]
[Site "https://www.chess.com"]
[Date "2024.01.02"]
[Round "3"]
[White "Baskakov, Egor"]
[Black "Gryshko, Vitalii"]
[Result "1-0"]
[Board "74"]
[TimeControl "180+1"]
[WhiteFideId "24197866"]
[BlackFideId "14174286"]
[WhiteElo "2936"]
[BlackElo "2483"]
[WhiteTeam "RUS"]
[BlackTeam "UKR"]
[WhiteClock "0:00:20"]
[BlackClock "0:00:03"]

1. e4 e5 2. Nc3 Bc5 3. g3 Nf6 4. Bg2 Nc6 5. Nge2 h5 6. h3 h4 7. g4 a6 8. d3 d6 9. Nd5 Nxd5 10. exd5 Ne7 11. d4 exd4 12. Nxd4 Ng6 13. O-O O-O 14. c3 f5 15. gxf5 Bxf5 16. Nxf5 Rxf5 17. Be4 Qf6 18. Bxf5 Qxf5 19. Qg4 Qc2 20. Be3 Ne5 21. Qe6+ Kh7 22. Bxc5 Rf8 23. f4 Rf6 24. Qxf6 gxf6 25. fxe5 Qg6+ 26. Kf2 Qf5+ 27. Ke2 Qc2+ 28. Ke3 fxe5 29. Ba7 Qxb2 30. Rac1 Qh2 31. Rf7+ Kg6 32. Rcf1 Qxh3+ 33. Kd2 Qg2+ 34. Kc1 Qxd5 35. R1f6+ Kg5 36. Be3+ Kg4 37. Rg7+ Kh3 38. Rf2 Qe4 39. Bd2 Qh1+ 40. Kb2 e4 41. Re2 Qd1 42. Rgg2 e3 43. Bxe3 Qd3 44. Bd4 Qb5+ 45. Kc1 Qf5 46. Rgf2 Qb5 47. Re4 Kg3 48. Rf8 h3 49. Re3+ Kg4 50. Re4+ Kg5 51. Be3+ Kg6 52. Rg4+ Kh7 53. Rf7+ Kh8 54. Bd4+ Qe5 55. Bxe5+ dxe5 56. Rf3 1-0

[Event "January 2 Early 2024"]
[Site "https://www.chess.com"]
[Date "2024.01.02"]
[Round "3"]
[White "Ortega Amarelle, Mariano"]
[Black "Tari, Aryan"]
[Result "1/2-1/2"]
[Board "75"]
[TimeControl "180+1"]
[WhiteFideId "3504301"]
[BlackFideId "1510045"]
[WhiteElo "2480"]
[BlackElo "2935"]
[WhiteTeam "CPV"]
[BlackTeam "NOR"]
[WhiteClock "0:00:18"]
[BlackClock "0:00:14"]

1. e4 e5 2. Nf3 Nc6 3. d4 exd4 4. Nxd4 Nf6 5. Nc3 Bb4 6. Nxc6 bxc6 7. Bd3 d5 8. exd5 O-O 9. O-O cxd5 10. Bg5 c6 11. Qf3 Be7 12. h3 Rb8 13. b3 Be6 14. Rad1 h6 15. Bf4 Bd6 16. Ne2 Qc7 17. Bxh6 Ne4 18. Bf4 Nc5 19. Bxd6 Qxd6 20. Nd4 Rbe8 21. Qg3 Qxg3 22. fxg3 Bd7 23. Kf2 g6 24. b4 Na4 25. Rde1 Rxe1 26. Rxe1 Rb8 27. a3 Kf8 28. Nb3 Be6 29. g4 Ke7 30. Ke3 Kd6 31. Kd4 Rh8 32. Nc5 Nxc5 33. bxc5+ Kc7 34. Bxg6 Kd7 35. Bf5 Ke7 36. Bxe6 fxe6 37. Rf1 Rb8 38. Ke5 Rb2 39. Rf6 Rxc2 40. Rxe6+ Kd7 41. Rd6+ Kc7 42. g5 Re2+ 43. Kf6 Rf2+ 44. Ke7 Rxg2 45. g6 d4 46. Kf7 Rf2+ 47. Rf6 Rxf6+ 48. Kxf6 d3 49. g7 d2 50. g8=Q d1=Q 51. Qf7+ Kb8 52. Qe8+ Kb7 53. Qf7+ Kb8 54. Qf8+ Kb7 55. Qf7+ Kb8 1/2-1/2

[Event "January 2 Early 2024"]
[Site "https://www.chess.com"]
[Date "2024.01.02"]
[Round "3"]
[White "Vasquez Schroeder, Rodrigo"]
[Black "Postnikov, Daniil"]
[Result "1-0"]
[Board "77"]
[TimeControl "180+1"]
[WhiteFideId "3400042"]
[BlackFideId "4166329"]
[WhiteElo "2910"]
[BlackElo "2479"]
[WhiteTeam "CHI"]
[BlackTeam "RUS"]
[WhiteClock "0:00:31"]
[BlackClock "0:00:00"]

1. e4 e6 2. d4 d5 3. Nc3 Nf6 4. e5 Nfd7 5. Nce2 c5 6. f4 Nc6 7. c3 Be7 8. Nf3 a6 9. h4 Qb6 10. a3 cxd4 11. cxd4 f6 12. b4 O-O 13. Qd3 f5 14. Ng5 Nd8 15. g4 Qb5 16. Qb1 Nb6 17. gxf5 exf5 18. Nc3 Qc6 19. Qb3 Ne6 20. b5 axb5 21. Nxe6 Bxe6 22. Bxb5 Qc7 23. Bd3 Rac8 24. Ne2 Nc4 25. Kf2 Qd8 26. h5 b6 27. Ra2 Kh8 28. Kf3 Qe8 29. Ng3 Rg8 30. Rah2 Qf7 31. Qb1 Rcf8 32. a4 g6 33. hxg6 Rxg6 34. Rxh7+ Qxh7 35. Rxh7+ Kxh7 36. Nxf5 Rg1 37. Nxe7+ Kg7 38. Kf2 Rd1 39. Bh7 1-0

[Event "January 2 Early 2024"]
[Site "https://www.chess.com"]
[Date "2024.01.02"]
[Round "3"]
[White "Galchenko, Matvey"]
[Black "Pourkashiyan, Atousa"]
[Result "1-0"]
[Board "78"]
[TimeControl "180+1"]
[WhiteFideId "24175480"]
[BlackFideId "12502014"]
[WhiteElo "2903"]
[BlackElo "2477"]
[WhiteTeam "FID"]
[BlackTeam "USA"]
[WhiteClock "0:00:55"]
[BlackClock "0:00:19"]

1. e4 c5 2. c3 Nf6 3. e5 Nd5 4. Nf3 e6 5. Bc4 d6 6. d4 cxd4 7. cxd4 Nc6 8. O-O Be7 9. Bd2 O-O 10. Nc3 Nxc3 11. Bxc3 dxe5 12. dxe5 Qxd1 13. Rfxd1 a6 14. Rac1 Rd8 15. Nd4 Nxe5 16. Bb3 Ng6 17. Ba5 Rf8 18. Bb6 e5 19. Nf3 Bg4 20. h3 Bxf3 21. gxf3 Rac8 22. Rxc8 Rxc8 23. Rd7 Kf8 24. Rxb7 Nh4 25. Bd5 g5 26. Kf1 Ng6 27. Be3 Nf4 28. Be4 Nxh3 29. Bf5 Rc4 30. Bxh3 h5 31. Bf5 g4 32. fxg4 hxg4 33. Bd3 Rc6 34. Rb6 Rxb6 35. Bxb6 Kg7 36. Bxa6 f5 37. Bc8 Kf6 38. a4 1-0